 Dungeon Crawl Stone Soup version 0.24.1-11-gbbbb2193e6 (webtiles) character file.

Game seed: 6348111492391553932, levelgen mode: deterministic

26 lepoulpe303 the Sneak (level 2, -1/13 HPs)
             Began as a Spriggan Enchanter on May 15, 2020.
             Slain by an ooze (3 damage)
             ... on level 2 of the Dungeon.
             The game lasted 00:04:33 (1850 turns).

lepoulpe303 the Sneak (Spriggan Enchanter)          Turns: 1850, Time: 00:04:34

Health: -1/13      AC:  2    Str:  4    XL:     2   Next: 89%
Magic:  6/6        EV: 18    Int: 16    God:
Gold:   53         SH:  0    Dex: 16    Spells: 3/6 levels left

rFire    . . .     SeeInvis +   a - +1 dagger
rCold    . . .     Gourm    .   (shield restricted)
rNeg     . . .     Faith    .   k - +0 robe
rPois    .         Spirit   .   (helmet restricted)
rElec    .         Reflect  .   (no cloak)
rCorr    .         Harm     .   (gloves unavailable)
MR       .....                  (boots unavailable)
Stlth    +++.......             (no amulet)
HPRegen  0.04/turn              (no ring)
MPRegen  0.10/turn              (no ring)

@: very quick
A: very small, unfitting armour, see invisible, herbivore, speed 3, slow
metabolism 2
a: no special abilities


You were on level 2 of the Dungeon.
You were not hungry.

You visited 1 branch of the dungeon, and saw 2 of its levels.

You collected 53 gold pieces.

Inventory:

Hand Weapons
 a - a +1 dagger (weapon)
 b - a +4 antimagic dagger
Armour
 k - a +0 robe (worn)
Scrolls
 f - a scroll of blinking {unknown}
 h - a scroll of teleportation {unknown}
 i - a scroll of remove curse {unknown}
 j - a scroll of immolation {unknown}
 l - a scroll of random uselessness {unknown}
Potions
 c - 3 potions of mutation {unknown}
 d - a potion of flight {unknown}
 g - 2 potions of degeneration {unknown}
Comestibles
 e - 4 rations


   Skills:
 + Level 2.3 Short Blades
 - Level 3.0 Dodging
 + Level 5.4 Stealth
 - Level 2.6 Spellcasting
 - Level 3.6 Hexes


You had 3 spell levels left.
You knew the following spells:

 Your Spells              Type           Power        Failure   Level  Hunger
a - Ensorcelled Hibernat  Hex/Ice        #.....       14%         2    ##.....
v - Corona                Hex            ##.....      4%          1    #......

Your spell library contained the following spells:

 Spells                   Type           Power        Failure   Level  Hunger
 Confuse                  Hex            ##......     13%         3    ###....
 Tukima's Dance           Hex            ##......     13%         3    ###....
 Dazzling Spray           Conj/Hex       #.....       28%         3    ###....


Dungeon Overview and Level Annotations

Branches:
Dungeon (2/15)

Altars:
Yredelemnul


Innate Abilities, Weirdness & Mutations

You are very small and have problems with some larger weapons.
You are too small for most types of armour.
You have supernaturally acute eyesight. (SInv)
You are a herbivore.
You cover ground extremely quickly.
You need to consume almost no food.


Message History

The bat misses you.
You barely miss the bat. The bat closely misses you. x2
You barely miss the bat. The bat misses you.
The bat hits you but does no damage.
You barely miss the bat. The bat misses you. The bat closely misses you.
The bat completely misses you. x2
You hit the bat. The bat closely misses you.
You hit the bat.
You kill the bat!
There is a stone staircase leading down here.
You hit the ooze but do no damage. The ooze hits you.
* * * LOW HITPOINT WARNING * * *
You take 4 damage, and have 2/13 hp.
MASSIVE DAMAGE!!
You hit the ooze. The ooze misses you.
You hit the ooze. The ooze closely misses you.
You hit the ooze. The ooze completely misses you.
You hit the ooze but do no damage. The ooze hits you.
You die...

#.#.......# #.#
#[######.## #.. #.###
#J# #.##.###.# #########
#........######.......#
##.#..)..)......###.#.#
##
#............).#.###.#
.# ##..###.#.......##
#.#
.###...###(...?J@>#.#
...
.##..J..##.#...##.##.#
###
.##....................
.##.....#.###.###.###.#.
.###...##.# #.# #.# .# #
..##..###.# #.# #.# #
#.)............ ..#
..#...####....# ##.
###.#.# .. ..


You could see an ooze.

Levels and vault maps discovered:
D:1:      matt_arrival_spirals, layout_loops_ring
D:2:      layout_loops_ring, first_ration, yredelemnul_altar_generic

Notes
Turn   | Place    | Note
-------+----------+-------------------------------------------
     0 | D:1      | lepoulpe303 the Spriggan Enchanter began the quest for the
                  | Orb.
     0 | D:1      | Reached XP level 1. HP: 9/9 MP: 5/5
   113 | D:1      | Identified a +0 dagger
   201 | D:1      | Identified a cursed -3 club
   258 | D:1      | Identified a +0 short sword
   282 | D:1      | HP: 2/9 [dart slug/slug dart (4)]
   283 | D:1      | Reached XP level 2. HP: 3/13 MP: 6/6
   302 | D:1      | Learned a level 2 spell: Ensorcelled Hibernation
   585 | D:1      | Reached skill level 5 in Stealth
   650 | D:1      | Identified a +0 club
   655 | D:1      | Identified a +0 club
   674 | D:1      | Reached skill level 2 in Short Blades
  1266 | D:2      | HP: 3/13 [ooze (5)]
  1281 | D:2      | Identified a +0 dagger
  1534 | D:2      | Found a basalt altar of Yredelemnul.
  1602 | D:2      | Identified a +4 antimagic dagger
  1609 | D:2      | HP: 3/13 [kobold/+4 antimagic dagger (4)]
  1795 | D:2      | Identified a +0 club
  1846 | D:2      | HP: 2/13 [ooze (4)]
  1850 | D:2      | Slain by an ooze

Table legend:
 A = Turns spent in this place as a percentage of turns spent in the entire game.
 B = Non-inter-level travel turns spent in this place as a percentage of non-inter-level travel turns spent in the entire game.
 C = Inter-level travel turns spent in this place as a percentage of turns spent in this place.
 D = Turns resting spent in this place as a percentage of non-inter-level travel turns spent in this place.
 E = Turns spent auto-exploring this place as a percentage of non-inter-level travel turns spent in this place.
 F = Non-inter-level travel turns spent in this place divided by the number of levels of this place that you've seen.
                   A       B       C       D       E      F
               +-------+-------+-------+-------+-------+----------------------
         Total | 100.0 | 100.0 |   2.4 |  40.0 |  38.6 | 902.5
       Dungeon | 100.0 | 100.0 |   2.4 |  40.0 |  38.6 | 902.5
               +-------+-------+-------+-------+-------+----------------------

Table legend:
 A = Kills in this place as a percentage of kills in entire the game.
 B = Kills by you in this place as a percentage of kills by you in the entire game.
 C = Kills by friends in this place as a percentage of kills by friends in the entire game.
 D = Other kills in this place as a percentage of other kills in the entire game.
 E = Experience gained in this place as a percentage of experience gained in the entire game.
 F = Experience gained in this place divided by the number of levels of this place that you have seen.
                   A       B       C       D       E      F
               +-------+-------+-------+-------+-------+----------------------
         Total | 100.0 | 100.0 |   N/A |   N/A | 100.0 |  19.0
       Dungeon | 100.0 | 100.0 |   N/A |   N/A | 100.0 |  19.0
               +-------+-------+-------+-------+-------+----------------------

Skill      XL: |  1  2 |
---------------+-------+-----
Stealth        | 5 |  5.4
Short Blades   | 2 |  2.3
Dodging        | |  3.0
Spellcasting   | |  2.6
Hexes          | |  3.6

Action                   || total
-------------------------++-------
Melee: Dagger            ||   144
 Cast: Ensorcelled Hiber ||     3
 Stab: Sleeping          ||     6
Armor: Robe              ||    13
Dodge: Dodged            ||   120

Vanquished Creatures
  A dart slug (D:1)
  A leopard gecko (D:1)
  A goblin (D:1)
  6 hobgoblins
  3 kobolds
  4 bats
  A frilled lizard (D:2)
  5 rats
22 creatures vanquished.
